 Dungeon Crawl Stone Soup version 0.29.0-5-ge4962eb29e (webtiles) character file.

Game seed: 335875461642427723

1222 greasedhog the Carver (level 8, 0/26 (61) HPs)
             Began as a Gnoll Wanderer on Aug 28, 2022.
             Was a Follower of Okawaru.
             Slain by an iguana (9 damage)
             ... on level 5 of the Dungeon.
             The game lasted 00:09:51 (7328 turns).

greasedhog the Carver (Gnoll Wanderer)              Turns: 7328, Time: 00:09:51

HP:   0/26 (61)     AC: 11    Str: 14    XL:     8   Next: 47%
MP:   14/14         EV: 12    Int: 11    God:    Okawaru [*.....]
Gold: 202           SH:  0    Dex: 12    Spells: 15/16 levels left

rFire   . . .      SeeInvis .   c - +0 long sword
rCold   . . .      Faith    .   (no shield)
rNeg    . . .      Spirit   .   y - +2 ring mail {rPois}
rPois   +          Reflect  .   r - +0 helmet
rElec   .          Harm     .   (no cloak)
rCorr   .          Rampage  .   v - +1 pair of gloves
Will    .....                   (no boots)
Stlth   ++........              (no amulet)
HPRegen 0.08/turn               (no ring)
MPRegen 0.14/turn               (no ring)

@: extremely drained
A: fangs 1, strong nose, distributed training
a: Renounce Religion, Heroism


You were on level 5 of the Dungeon.
You worshipped Okawaru.
Okawaru was aware of your devotion.
You visited 2 branches of the dungeon, and saw 7 of its levels.

You collected 202 gold pieces.

Inventory:

Hand Weapons
 c - a +0 long sword (weapon)
 e - a +2 short sword of venom
 h - a +2 whip of freezing
Armour
 r - a +0 helmet (worn)
 v - a +1 pair of gloves (worn)
 y - a +2 ring mail of poison resistance (worn)
Jewellery
 t - a ring of ice
Wands
 x - a wand of roots (4)
Scrolls
 a - 2 scrolls of immolation
 g - a scroll of amnesia {unknown}
 l - a scroll of magic mapping
 q - 2 scrolls of blinking
 s - a scroll of fog
 u - a scroll of enchant weapon {unknown}
 w - a scroll of fear
Potions
 d - 2 potions of brilliance {unknown}
 f - a potion of degeneration {unknown}
 i - a potion of attraction {unknown}
 j - a potion of berserk rage {unknown}
 k - a potion of might {unknown}
 m - a potion of mutation {unknown}
 n - a potion of resistance {unknown}
 o - a potion of flight {unknown}
 p - a potion of magic {unknown}


   Skills:
 + Level 4.3 Fighting
 + Level 3.4 Short Blades
 + Level 9.2 Long Blades
 + Level 3.4 Axes
 + Level 3.4 Maces & Flails
 + Level 3.4 Polearms
 + Level 3.4 Staves
 + Level 3.4 Ranged Weapons
 + Level 3.4 Throwing
 + Level 4.3 Armour
 + Level 5.8 Dodging
 + Level 3.4 Stealth
 + Level 3.4 Shields
 + Level 3.4 Unarmed Combat
 + Level 4.5 Spellcasting
 + Level 2.8 Conjurations
 + Level 2.8 Hexes
 + Level 2.8 Summonings
 + Level 2.8 Necromancy
 + Level 2.8 Translocations
 + Level 2.8 Transmutations
 + Level 2.8 Fire Magic
 + Level 2.8 Ice Magic
 + Level 3.6 Air Magic
 + Level 2.8 Earth Magic
 + Level 2.8 Poison Magic
 + Level 3.8 Invocations
 + Level 3.4 Evocations


You had 15 spell levels left.
You knew the following spells:

 Your Spells              Type           Power      Damage    Failure   Level
a - Shock                 Conj/Air       36%        1d5       12%         1

Your spell library contained the following spells:

 Spells                   Type           Power      Damage    Failure   Level
 Beastly Appendage        Tmut           16%        N/A       14%         1
 Magic Dart               Conj           32%        1d4       14%         1
 Sting                    Tmut/Pois      32%        1d4       14%         1
 Poisonous Vapours        Pois/Air       18%        N/A       17%         2
 Searing Ray              Conj           16%        2d5       21%         2
 Swiftness                Air            10%        N/A       30%         3
 Fulminant Prism          Conj/Hex       4%         3d6       80%         4
 Olgreb's Toxic Radiance  Pois           8%         N/A       80%         4
 Summon Lightning Spire   Summ/Air       Unusable   N/A       N/A         4
 Malign Gateway           Summ/Tloc      Unusable   N/A       N/A         7
 Spellforged Servitor     Conj/Summ      Unusable   N/A       N/A         7

Dungeon Overview and Level Annotations

Branches:
Dungeon (6/15)             Temple (1/1) D:5

Altars:
Cheibriados
Elyvilon
Fedhas
Gozag
Hepliaklqana
Kikubaaqudgha
Nemelex Xobeh
Okawaru
Qazlal
Sif Muna
Trog
Vehumet
Wu Jian
Xom
Zin
The Shining One

Annotations:
D:3 1 runed translucent door, Crazy Yiuf


Innate Abilities, Weirdness & Mutations

You have very sharp teeth.
Your uncanny sense of smell can sniff out nearby items.
Your experience applies equally to all skills.


Message History

The ufetubus hits you but does no damage.
The ufetubus closely misses you. The ufetubus misses you.
The ufetubus barely misses you. The ufetubus misses you.
The ufetubus attacks as you move away! The ufetubus barely misses you.
The ufetubus hits you but does no damage.
The ufetubus misses you.
The ufetubus hits you but does no damage.
The ufetubus attacks as you move away! The ufetubus barely misses you.
The ufetubus hits you but does no damage.
You slash the ufetubus!
You kill the ufetubus!
Okawaru accepts your kill.
You completely miss the iguana.
The iguana is moderately wounded.
The iguana barely misses you.
You hit the iguana. Your bite misses the iguana.
The iguana is moderately wounded.
The iguana misses you.
You hit the iguana. You punch the iguana, but do no damage.
You bite the iguana, but do no damage.
The iguana is heavily wounded.
The iguana misses you.
You barely miss the iguana.
The iguana is heavily wounded.
You closely miss the iguana.
The iguana is heavily wounded.
The iguana barely misses you.
You hit the iguana.
The iguana is almost dead.
The iguana closely misses you.
You hit the iguana but do no damage.
The iguana is almost dead.
The iguana bites you.
You hit the iguana but do no damage.
The iguana is almost dead.
The iguana closely misses you.
You barely miss the iguana.
The iguana is almost dead.
The iguana bites you!
You die...

#.............#
##............#
##.........### #####
#########..# ####...#
##.## ######......#
##..## ###.......##..#
##....####.......####..#
###.....l##.........#
#..#
###....####@..........#
#..# ###....###
#..#.......## #..#
###....### #..#.......#
#..# ##....###
#..#......## #..#
....### #..#.....## #..#
..### ##.#...### #..#
### ####### #.##.## #..#
# ##.....## #.#### #..#
#.......## #.# #..#


You could see an iguana.

Vanquished Creatures
  Sigmund (D:4)
  An ice beast (D:5)
  An ogre (D:6)
  A black bear (D:6)
  2 centaurs (D:5)
  A scorpion (D:5)
  5 hounds
  3 jellies
  Jessica (D:3)
  2 iguanas
  Ijyb (D:5)
  2 orc wizards (D:5)
  3 gnolls
  7 adders
  An ufetubus (D:5)
  2 worms (D:2)
  4 dart slugs
  13 orcs
  4 bats
  4 endoplasms
  2 giant cockroaches (D:2)
  4 hobgoblins
  4 quokkas
  9 ball pythons
  4 frilled lizards
  6 goblins
  6 kobolds
  7 rats
101 creatures vanquished.

Notes
Turn   | Place    | Note
-------+----------+-------------------------------------------
     0 | D:1      | greasedhog the Gnoll Wanderer began the quest for the Orb.
     0 | D:1      | greasedhog set off with the following items: a +0 long
                  | sword, a +0 ring mail, a scroll of blinking; and the
                  | following spell memorised: Shock; and the following spells
                  | available to memorise: Swiftness.
     0 | D:1      | Reached XP level 1. HP: 17/17 MP: 4/4
   535 | D:1      | Reached XP level 2. HP: 15/23 MP: 5/5
   683 | D:1      | Found a faded altar of an unknown god.
  1601 | D:1      | Reached XP level 3. HP: 13/28 MP: 7/7
  1785 | D:2      | Reached skill level 1 in Invocations
  1980 | D:2      | Reached skill level 1 in Short Blades
  1980 | D:2      | Reached skill level 1 in Axes
  1980 | D:2      | Reached skill level 1 in Maces & Flails
  1980 | D:2      | Reached skill level 1 in Polearms
  1980 | D:2      | Reached skill level 1 in Staves
  1980 | D:2      | Reached skill level 1 in Ranged Weapons
  1980 | D:2      | Reached skill level 1 in Throwing
  1980 | D:2      | Reached skill level 1 in Stealth
  1980 | D:2      | Reached skill level 1 in Shields
  1980 | D:2      | Reached skill level 1 in Unarmed Combat
  1980 | D:2      | Reached skill level 1 in Evocations
  2026 | D:2      | Reached XP level 4. HP: 8/34 MP: 8/8
  2440 | D:2      | Reached skill level 1 in Conjurations
  2440 | D:2      | Reached skill level 1 in Hexes
  2440 | D:2      | Reached skill level 1 in Summonings
  2440 | D:2      | Reached skill level 1 in Necromancy
  2440 | D:2      | Reached skill level 1 in Translocations
  2440 | D:2      | Reached skill level 1 in Transmutations
  2440 | D:2      | Reached skill level 1 in Fire Magic
  2440 | D:2      | Reached skill level 1 in Ice Magic
  2440 | D:2      | Reached skill level 1 in Earth Magic
  2440 | D:2      | Reached skill level 1 in Poison Magic
  2801 | D:2      | Got the Atlas of the Inconstant Comitatus
  2999 | D:3      | Noticed Jessica
  3005 | D:3      | Killed Jessica
  3006 | D:3      | Reached XP level 5. HP: 41/41 MP: 9/9
  3639 | D:3      | Found a runed translucent door.
  3640 | D:3      | Noticed Crazy Yiuf
  4216 | D:4      | Noticed Sigmund
  4221 | D:4      | Killed Sigmund
  4222 | D:4      | Reached skill level 5 in Dodging
  4222 | D:4      | Reached XP level 6. HP: 37/47 MP: 9/11
  4752 | D:5      | Entered Level 5 of the Dungeon
  4773 | D:5      | Reached XP level 7. HP: 31/52 MP: 4/12
  5182 | D:5      | Found a staircase to the Ecumenical Temple.
  5196 | Temple   | Entered the Ecumenical Temple
  5201 | Temple   | Became a worshipper of Warmaster Okawaru
  5240 | D:5      | Noticed Ijyb
  5256 | D:5      | Killed Ijyb
  5897 | D:5      | Found a blossoming altar of Fedhas.
  5987 | D:5      | Reached skill level 9 in Long Blades
  6359 | D:5      | Reached * piety under Okawaru
  6688 | D:5      | Reached XP level 8. HP: 60/60 MP: 7/14
  7230 | D:6      | Noticed a vampire
  7328 | D:5      | Slain by an iguana

Illustrated notes

Levels and vault maps discovered:
D:1:      dpeg_chamrin_arrival_tetris, layout_loops_corners,
          hellmonk_ecumenical_altar_defaced_shrine, wad_floor_pattern_untrapped
D:2:      layout_rooms
D:3:      layout_loops_ring, nrook_mini_vaults, uniq_jessica,
          uniq_crazy_yiuf_cottage
D:4:      layout_rooms, serial_glass, glass_columns_a, glass_columns_a,
          uniq_sigmund
D:5:      layout_cave_pods, fedhas_bush_and_centaur_altar,
          minmay_temple_entry_ruins, uniq_ijyb
D:6:      cheibrodos_fzero, layout_cave_pools, lemuel_coloured_pillars_altar
Temple:   minmay_freezing_vapour_temple

Skill      XL: |  1  2  3  4  5  6  7 |
---------------+----------------------+-----
Air Magic      | 2 3 |  3.6
Invocations    | 1 2 3 |  3.8
Short Blades   | 1 2 3 |  3.4
Axes           | 1 2 3 |  3.4
Maces & Flails | 1 2 3 |  3.4
Polearms       | 1 2 3 |  3.4
Staves         | 1 2 3 |  3.4
Ranged Weapons | 1 2 3 |  3.4
Throwing       | 1 2 3 |  3.4
Stealth        | 1 2 3 |  3.4
Shields        | 1 2 3 |  3.4
Unarmed Combat | 1 2 3 |  3.4
Evocations     | 1 2 3 |  3.4
Spellcasting   | 3 4 |  4.5
Conjurations   | 1 2 |  2.8
Hexes          | 1 2 |  2.8
Summonings     | 1 2 |  2.8
Necromancy     | 1 2 |  2.8
Translocations | 1 2 |  2.8
Transmutations | 1 2 |  2.8
Fire Magic     | 1 2 |  2.8
Ice Magic      | 1 2 |  2.8
Earth Magic    | 1 2 |  2.8
Poison Magic   | 1 2 |  2.8
Fighting       | 3 4 |  4.3
Armour         | 3 4 |  4.3
Dodging        | 5 |  5.8
Long Blades    | 9 |  9.2

Action                   |  1- 3 |  4- 6 |  7- 9 || total
-------------------------+-------+-------+-------++-------
Melee: Short sword       |    75 |       |       ||    75
       Long sword        |     4 |   149 |   156 ||   309
       Bite              |     7 |    10 |    21 ||    38
       Punch             |     1 |     3 |     5 ||     9
 Cast: Shock             |       |    22 |    66 ||    88
Evoke: Wand              |       |     5 |     2 ||     7
  Use: Scroll            |     2 |     3 |     1 ||     6
       Potion            |       |     3 |     1 ||     4
Armor: Ring mail         |    24 |    64 |    96 ||   184
Dodge: Dodged            |    64 |   135 |   109 ||   308
